 Dungeon Crawl Stone Soup version 0.25-a0-346-g140ab784a8 (webtiles) character file.

Game seed: 5647447982104682564, levelgen mode: classic

51 Borgoz the Skirmisher (level 3, -1/24 HPs)
             Began as a Gargoyle Monk on Jan 1, 2020.
             Slain by an orc priest
             ... wielding a +0 club
              (3 damage)
             ... on level 2 of the Dungeon.
             The game lasted 00:01:17 (1441 turns).

Borgoz the Skirmisher (Gargoyle Monk)               Turns: 1441, Time: 00:01:19

Health: -1/24      AC:  6    Str: 15    XL:     3   Next: 81%
Magic:  3/3        EV: 13    Int: 10    God:
Gold:   67         SH:  0    Dex: 12    Spells: 2/2 levels left

rFire    . . .     SeeInvis .   a - +0 mace
rCold    . . .     Gourm    .   (no shield)
rNeg     + . .     Faith    .   b - +0 robe
rPois    ∞         Spirit   .   (no helmet)
rElec    +         Reflect  .   (no cloak)
rCorr    .         Harm     .   (no gloves)
MR       .....                  i - +0 pair of boots (curse)
Stlth    ++........             g - amulet of inaccuracy (curse)
HPRegen  0.08/turn              (no ring)
MPRegen  0.08/turn              (no ring)

@: no status effects
A: negative energy resistance 1, electricity resistance, unbreathing,
petrification resistance, rot immunity, AC +3
a: no special abilities


You were on level 2 of the Dungeon.
You were not hungry.

You visited 1 branch of the dungeon, and saw 2 of its levels.

You collected 67 gold pieces.

Inventory:

Hand Weapons
 a - a +0 mace (weapon)
Armour
 b - a +0 robe (worn)
 i - a cursed +0 pair of boots (worn)
Jewellery
 g - a cursed amulet of inaccuracy (around neck)
Scrolls
 d - 6 scrolls of identify {unknown}
 e - a scroll of noise {unknown}
 f - 2 scrolls of enchant weapon {unknown}
 h - a scroll of teleportation {unknown}
 j - a scroll of remove curse {unknown}
Comestibles
 c - 2 rations


   Skills:
 + Level 3.7 Fighting
 + Level 3.4 Maces & Flails
 + Level 1.5 Armour
 + Level 2.8 Dodging
 - Level 2.1 Stealth


You had 2 spell levels left.
You didn't know any spells.
Your spell library was empty.

Dungeon Overview and Level Annotations

Branches:
Dungeon (2/15)

Altars:
Gozag


Innate Abilities, Weirdness & Mutations

You are resistant to torment.
Your stone body is resilient. (AC +3)
You are immune to poison.
You resist negative energy. (rN+)
You are resistant to electric shocks. (rElec)
You can survive without breathing.
You are immune to petrification.
You are immune to rotting.


Message History

The orc priest closely misses you.
You hit the orc priest but do no damage.
The orc priest is lightly wounded.
The orc priest hits you but does no damage.
You hit the orc priest but do no damage.
The orc priest is lightly wounded.
The orc priest casts a cantrip, but nothing happens.
You hit the orc priest but do no damage.
The orc priest is lightly wounded.
The orc priest hits you with a +0 club.
You hit the orc priest but do no damage.
The orc priest is lightly wounded.
The orc priest misses you.
You closely miss the orc priest.
The orc priest is lightly wounded.
The orc priest invokes the aid of Beogh against you.
Beogh smites you!
* * * LOW HITPOINT WARNING * * *
The orc priest hits you with a +0 club.
You die...

.... #..# .###
#..# .... #..# ...
####..# #..
#######.....# .#
#.. #.........#.#
.# #..
....##.###.## .#
#.. . #@# #..# .#
#.. #o# ##.# .#
#.# #.####.##.#
#.# #.#..)....##
#.# #.#[##.....#
#.# ..#.
#.>##.#####.#
.##..#..##.......#
. #.(.########...
###...### #...


You could see an orc priest.

Vanquished Creatures
  An adder (D:2)
  An ooze (D:2)
  2 leopard geckos
  3 orcs (D:2)
  A giant cockroach (D:1)
  A goblin (D:1)
  6 hobgoblins
  3 jackals (D:2)
  2 kobolds
  A quokka (D:2)
  3 bats (D:1)
  6 rats
30 creatures vanquished.

Notes
Turn   | Place    | Note
-------+----------+-------------------------------------------
     0 | D:1      | Borgoz the Gargoyle Monk began the quest for the Orb.
     0 | D:1      | Reached XP level 1. HP: 14/14 MP: 1/1
    69 | D:1      | Reached XP level 2. HP: 10/19 MP: 2/2
   669 | D:1      | Reached skill level 1 in Armour
   894 | D:2      | Reached XP level 3. HP: 14/23 MP: 3/3
  1120 | D:2      | Found an opulent altar of Gozag.
  1441 | D:2      | Slain by an orc priest

Levels and vault maps discovered:
D:1:      minmay_arrival_shattered_statue, layout_rooms
D:2:      layout_rooms, overflow_temple_1_default, lemuel_round_altar,
          first_ration

Skill      XL: |  1  2 |
---------------+-------+-----
Armour         | 1 |  1.5
Fighting       | |  3.7
Maces & Flails | |  3.4
Dodging        | |  2.8
Stealth        | |  2.1

Action                   || total
-------------------------++-------
Melee: Mace              ||   166
  Use: Potion            ||     1
 Stab: Sleeping          ||     4
  Eat: Chunk             ||     2
Armor: Robe              ||    59
Dodge: Dodged            ||   137

Table legend:
 A = Non-vault XP
 B = Vault XP
 C = Vault XP percentage of total XP
 D = Non-vault monster count
 E = Vault monster count
 F = Vault count percentage of total count
                 A         B        C        D         E       F
            +---------+---------+-------+---------+---------+-------
      Total |      73 |       0 |   0.0 |      30 |       0 |   0.0
            +---------+---------+-------+---------+---------+-------
        D:1 |      20 |       0 |   0.0 |      13 |       0 |   0.0
        D:2 |      53 |       0 |   0.0 |      17 |       0 |   0.0
            +---------+---------+-------+---------+---------+-------
